 Dungeon Crawl Stone Soup version 0.24.0-29-g8ce449bc06 (webtiles) character file.

Game seed: 11601000229452822129, levelgen mode: deterministic

193 Flugslaktarn the Chopper (level 5, -7/49 HPs)
             Began as a Deep Dwarf Fighter on Nov 15, 2019.
             Mangled by Pikel
             ... wielding a +0 whip of electrocution
              (18 damage)
             ... on level 4 of the Dungeon.
             The game lasted 00:00:55 (820 turns).

Flugslaktarn the Chopper (Deep Dwarf Fighter)        Turns: 820, Time: 00:00:56

Health: -7/49      AC:  8    Str: 20    XL:     5   Next: 43%
Magic:  3/3        EV:  7    Int:  9    God:
Gold:   94         SH:  9    Dex: 12    Spells: 4/4 levels left

rFire    . . .     SeeInvis .   a - +0 war axe
rCold    . . .     Gourm    .   c - +0 shield
rNeg     . . .     Faith    .   b - +0 scale mail
rPois    .         Spirit   .   (no helmet)
rElec    .         Reflect  .   (no cloak)
rCorr    .         Harm     .   (no gloves)
MR       .....                  n - +0 pair of boots
Stlth    ..........             (no amulet)
HPRegen  0.00/turn              (no ring)
MPRegen  0.08/turn              (no ring)

@: non-regenerating
A: damage resistance, heal wounds, sense surroundings 1, no regeneration
a: Heal Wounds


You were on level 4 of the Dungeon.
You were not hungry.

You visited 1 branch of the dungeon, and saw 4 of its levels.

You collected 94 gold pieces.

Inventory:

Hand Weapons
 a - a +0 war axe (weapon)
Armour
 b - a +0 scale mail (worn)
 c - a +0 shield (worn)
 n - a +0 pair of boots (worn)
   (You found it on level 3 of the Dungeon)
Scrolls
 h - a scroll of blinking {unknown}
 i - a scroll of remove curse {unknown}
 l - 3 scrolls of teleportation {unknown}
 m - 2 scrolls of immolation {unknown}
Potions
 d - a potion of might
 g - 2 potions of curing {unknown}
 j - a potion of heal wounds {unknown}
 k - a potion of resistance {unknown}
 o - a potion of agility {unknown}
Comestibles
 e - 3 rations
 f - 5 chunks of flesh


   Skills:
 + Level 3.4 Fighting
 * Level 4.3 Axes
 + Level 4.2 Armour
 + Level 4.2 Shields


You had 4 spell levels left.
You didn't know any spells.
Your spell library was empty.

Dungeon Overview and Level Annotations

Branches:
Dungeon (4/15)
 Temple: D:4-7

Altars:
Wu Jian

Annotations:
D:4 Pikel


Innate Abilities, Weirdness & Mutations

You are resistant to damage.
You can heal yourself by infusing magical energy.
You passively map a small area around you.
You do not regenerate.


Message History

Pikel is severely wounded.
You block Pikel's attack.
You hit Pikel but do no damage.
Pikel is severely wounded.
You block Pikel's attack. Pikel hits you but does no damage.
You are electrocuted!
Your shield and scale mail prevent you from hitting Pikel.
Pikel is severely wounded.
You block Pikel's attack.
You slash Pikel!
Pikel is almost dead.
Pikel hits you with a +0 whip of electrocution.
You are electrocuted!
* * * LOW HITPOINT WARNING * * *
You fail to use your ability.
Pikel barely misses you.
You hit Pikel but do no damage.
Pikel is almost dead.
Pikel hits you with a +0 whip of electrocution.
You are electrocuted!!
You die...

* * #....# #........## ,
#....## #........##
##.....# ##........# ,
#......# #........#
#...p.## #......... *
#.pK..# ##........
#..#####pp.# ##.......
#.....K###########.....#
#.#####@........#......#
* ,* #########.......##
* * ####.#### ##.####
##.##. ##... ,* #...
##.. ##.


You could see Pikel.

Vanquished Creatures
  A gnoll shaman (D:4)
  Natasha (D:4)
  5 adders
  6 gnolls
  2 oozes (D:3)
  2 leopard geckos
  An orc (D:3)
  4 goblins
  2 hobgoblins (D:3)
  5 kobolds
  2 bats
  A frilled lizard (D:1)
  4 rats
36 creatures vanquished.

Notes
Turn   | Place    | Note
-------+----------+-------------------------------------------
     0 | D:1      | Flugslaktarn the Deep Dwarf Fighter began the quest for the
                  | Orb.
     0 | D:1      | Reached XP level 1. HP: 20/20 MP: 1/1
   101 | D:2      | Reached XP level 2. HP: 27/27 MP: 2/2
   169 | D:2      | Reached XP level 3. HP: 33/33 MP: 3/3
   272 | D:3      | Reached XP level 4. HP: 34/42 MP: 3/3
   294 | D:3      | Found an ornate altar of the Wu Jian Council.
   644 | D:4      | Reached XP level 5. HP: 24/49 MP: 4/4
   693 | D:4      | Noticed Natasha
   707 | D:4      | Killed Natasha
   768 | D:4      | Noticed a slave
   769 | D:4      | Noticed Pikel
   769 | D:4      | Noticed a slave
   769 | D:4      | Noticed a slave
   769 | D:4      | Noticed a slave
   820 | D:4      | Mangled by Pikel

Levels and vault maps discovered:
D:1:      dpeg_arrival_shelter, layout_basic, minmay_tiny_reverse_x
D:2:      layout_rooms, first_ration, kennysheep_generic_room_15
D:3:      layout_loops_corners, old_standard_altar,
          grunt_temple_overflow_champion_of_chaos
D:4:      layout_cave_pods, cheibriados_altar_1, ebering_ghost_inner_flame,
          uniq_natasha, uniq_pikel

Skill      XL: |  1  2  3  4 |
---------------+-------------+-----
Axes           | 3 4 |  4.3
Fighting       | 3 |  3.4
Armour         | 4 |  4.2
Shields        | 4 |  4.2

Action                   |  1- 3 |  4- 6 || total
-------------------------+-------+-------++-------
Melee: War axe           |    44 |   118 ||   162
 Abil: Heal Wounds       |     2 |     8 ||    10
Armor: Scale mail        |    20 |    51 ||    71
Dodge: Dodged            |    23 |    43 ||    66
Block: Shield            |    44 |    67 ||   111
